 Seeded DCSS version 0.31-a0-486-g8d68a81214 (webtiles) character file.

Game seed: 9795828814763595404 (custom seed)

313 bmack86 the Cleaver (level 6, -9/51 HPs)
             Began as a Minotaur Fighter on Aug 8, 2023.
             Succumbed to a kobold brigand's curare-tipped dart
             ... in a sewer.
             The game lasted 00:07:03 (2661 turns).

bmack86 the Cleaver (Minotaur Fighter)              Turns: 2661, Time: 00:07:04

Health: -9/51      AC:  6    Str: 23    XL:     6   Next: 19%
Magic:  5/5        EV:  9    Int:  5    God:
Gold:   206        SH:  4    Dex:  9    Spells: 5/5 levels left

rFire   + . .        e - +0 war axe (venom)
rCold   . . .        c - +0 buckler
rNeg    . . .        b - +0 scale mail
rPois   .            (helmet restricted)
rElec   .            (no cloak)
rCorr   .            (no gloves)
SInv    .            (no boots)
Will    .....        d - amulet of regeneration Stlth
                     k - ring of protection from fire
HPRegen 1.08/turn    (no ring)
MPRegen 0.09/turn

%: no passive effects
@: brilliant, lethally poisoned (-9 -> -33), slowed, very slow
A: horns 2, retaliatory headbutt
a: no special abilities


You were in a sewer.
You visited 1 branch of the dungeon, and saw 4 of its levels.
You also visited: Sewer.

You collected 206 gold pieces.

Inventory:

Hand Weapons
 a - a +0 war axe
 e - a +0 war axe of venom (weapon)
Armour
 b - a +0 scale mail (worn)
 c - a +0 buckler (worn)
 i - a scarf of shadows
 n - a +0 tower shield
Jewellery
 d - an amulet of regeneration (around neck)
 k - a ring of protection from fire (left hand)
 l - a ring of magical power
 m - a ring of fire
Wands
 p - a wand of polymorph (8)
Scrolls
 o - a scroll of teleportation {unknown}
 q - 2 scrolls of immolation {unknown}
 r - a scroll of torment {unknown}
Potions
 f - a potion of enlightenment {unknown}
 g - a potion of lignification
 h - a potion of brilliance
 j - a potion of invisibility {unknown}
 s - a potion of curing {unknown}
 t - a potion of attraction {unknown}


   Skills:
 - Level 3.6 Fighting
 + Level 8.0 Axes
 - Level 3.6 Armour
 - Level 3.6 Shields


You had 5 spell levels left.
You didn't know any spells.
Your spell library was empty.

Dungeon Overview and Level Annotations

Branches:
Dungeon (4/15)              Sewer (1/1)
 Temple: D:4-7

Altars:
Dithmenos

Shops:
D:2 [

Annotations:
D:3 1 runed translucent door, Crazy Yiuf


Innate Abilities, Weirdness & Mutations

You have a pair of horns on your head.
You reflexively headbutt those who attack you in melee.


Message History

Moving in this stuff is going to be slow.
A jackal comes into view.
The jackal barks!
You hear a shout!
You hear a bark!
A kobold comes into view. It is wielding a +0 whip.
A jackal comes into view.
Found a gate leading back out of this place.
You enter the shallow water.
Moving in this stuff is going to be slow.
A kobold brigand comes into view.
It is wielding a +0 short sword and quivering curare-tipped darts.
The kobold brigand throws a curare-tipped dart.
The curare-tipped dart hits you.
You are poisoned.
You have difficulty breathing.
You feel yourself slow down.
You feel extremely sick.
The kobold brigand throws a curare-tipped dart.
The curare-tipped dart hits you.
You are more poisoned.
You have difficulty breathing.
You feel as though you will be slow longer.
You enter the shallow water.
Moving in this stuff is going to be slow.
You feel extremely sick.
You feel extremely sick.
A jackal comes into view.
The kobold brigand throws a curare-tipped dart.
The curare-tipped dart hits you.
You are more poisoned.
You have difficulty breathing.
* * * LOW HITPOINT WARNING * * *
You feel as though you will be slow longer.
The kobold brigand throws a curare-tipped dart.
The curare-tipped dart hits you.
You are more poisoned.
You have difficulty breathing.
* * * LOW HITPOINT WARNING * * *
You feel as though you will be slow longer.
The jackal moves out of view.
It was a potion of brilliance.
You feel clever all of a sudden.
You die...

#.~≈≈~ #.~≈~. ##~~≈~~##
#..~≈~~~################
#..~≈~~~~~~~~~~~~~~~~~~~
#~~~≈~~~################
#.~h≈~~.# #.~K≈~~~#
#.h≈≈≈~@# #~~≈≈≈~~#
#.~≈≈≈~.# #.~~~K..#
#...~~..# ####.#### ..
...


You could see a kobold brigand, 2 jackals and a kobold.

Vanquished Creatures
  Edmund (D:4)
  2 orc priests
  2 adders
  3 river rats (Sewer)
  2 worms
  2 dart slugs
  2 orcs (D:2)
  4 ball pythons
  6 bats
  6 endoplasms
  5 giant cockroaches
  4 goblins
  6 hobgoblins
  9 jackals
  3 quokkas
  2 frilled lizards
  5 kobolds
  13 rats
77 creatures vanquished.

Notes
Turn   | Place    | Note
-------+----------+-------------------------------------------
     0 | D:1      | bmack86 the Minotaur Fighter began the quest for the Orb.
     0 | D:1      | Reached XP level 1. HP: 19/19 MP: 0/0
    37 | D:1      | Reached skill level 3 in Axes
    78 | D:1      | Reached XP level 2. HP: 24/26 MP: 1/1
   178 | D:1      | Reached skill level 4 in Axes
   341 | D:1      | Reached XP level 3. HP: 31/31 MP: 2/2
   610 | D:2      | Found a shadowy altar of Dithmenos.
   626 | D:2      | Found Berrey's Armour Shop.
  1143 | D:2      | Reached skill level 5 in Axes
  1554 | D:2      | Reached XP level 4. HP: 29/39 MP: 3/3
  1705 | D:3      | Reached skill level 6 in Axes
  1849 | D:3      | Found a runed translucent door.
  1850 | D:3      | Noticed Crazy Yiuf
  1996 | D:3      | Reached XP level 5. HP: 31/45 MP: 4/4
  2066 | D:3      | Found a faded altar of an unknown god.
  2531 | D:4      | Found a glowing drain.
  2537 | D:4      | Noticed Edmund
  2545 | D:4      | Killed Edmund
  2546 | D:4      | Reached skill level 7 in Axes
  2546 | D:4      | Reached XP level 6. HP: 36/51 MP: 5/5
  2613 | Sewer    | Entered a sewer
  2624 | Sewer    | Reached skill level 8 in Axes
  2660 | Sewer    | HP: 1/51 [asphyx]
  2661 | Sewer    | Succumbed to a kobold brigand's curare-tipped dart

Illustrated notes

Levels and vault maps discovered:
D:1:      wander_arrival_abandoned_jail, layout_rooms,
          amcnicky_mini_corridor_feature, dreamdust_mushroom_princess
D:2:      layout_loops_corners, basic_altar, serial_shops, shop
D:3:      layout_basic, ebering_ecumenical_altar_webs, uniq_crazy_yiuf_cottage
D:4:      layout_loops_ring, nicolae_overflow_hidden_temple,
          gup_sewer_entry_glass, uniq_edmund, uniq_pikel, uniq_robin
Sewer:    sewer_kobolds

Skill      XL: |  1  2  3  4  5  6 |
---------------+-------------------+-----
Axes           | 3 4 5 6 7 8 |  8.0
Fighting       | |  3.6
Armour         | |  3.6
Shields        | |  3.6

Action                     |  1- 3 |  4- 6 || total
---------------------------+-------+-------++-------
  Melee: War axe           |    85 |    48 ||   133
         Headbutt          |     8 |     5 ||    13
    Use: Scroll            |     1 |       ||     1
         Potion            |       |     2 ||     2
 Armour: Scale mail        |    46 |    27 ||    73
  Dodge: Dodged            |    49 |    22 ||    71
  Block: Buckler           |    17 |    14 ||    31

Table legend: (Time is in decaauts)
 A = Elapsed time spent in this place.
 B = Non-inter-level travel time spent in this place.
 C = Inter-level travel time spent in this place.
 D = Time resting spent in this place.
 E = Time spent auto-exploring this place.
 F = Levels seen in this place.
 G = Mean time per level.
                   A        B        C        D        E       F      G
               +--------+--------+--------+--------+--------+-----+--------+
         Total |   2714 |   2655 |     59 |    276 |   1649 |   5 |  542.8 |
       Dungeon |   2650 |   2591 |     59 |    276 |   1649 |   4 |  662.5 |
         Sewer |     64 |     64 |      0 |      0 |      0 |   1 |   64.0 |
               +--------+--------+--------+--------+--------+-----+--------+

Top non-repeatable levels by time:
     D:2: 1164 daAuts
     D:3: 872 daAuts
     D:1: 526 daAuts
     D:4: 85 daAuts
   Sewer: 64 daAuts
